 Dungeon Crawl Stone Soup version 0.25-a0-589-g1e14c549ee (webtiles) character file.

Game seed: 16827631979473511953, levelgen mode: deterministic

107 MisterFreud the Chiller (level 4, -3/36 HPs)
             Began as a Naga Ice Elementalist on Mar 9, 2020.
             Slain by an orc
             ... wielding a +0 flail
              (8 damage)
             ... on level 3 of the Dungeon.
             The game lasted 00:05:56 (2066 turns).

MisterFreud the Chiller (Naga Ice Elementalist)     Turns: 2066, Time: 00:05:56

Health: -3/36      AC:  2    Str: 10    XL:     4   Next: 85%
Magic:  2/8        EV: 10    Int: 17    God:
Gold:   99         SH:  0    Dex: 11    Spells: 2/9 levels left

rFire    x . .     SeeInvis +   g - +2 mace (vorpal)
rCold    + . .     Gourm    .   (no shield)
rNeg     . . .     Faith    .   a - +0 robe
rPois    +         Spirit   .   (no helmet)
rElec    .         Reflect  .   (no cloak)
rCorr    .         Harm     .   (no gloves)
MR       .....                  (no barding)
Stlth    +.........             (no amulet)
HPRegen  0.12/turn              i - ring of attention (curse)
MPRegen  0.11/turn              n - ring of ice

@: frozen ramparts, very slow
A: large, see invisible, deformed body, poison resistance, slowness 2, slow
metabolism 1, spit poison 1, AC +1
a: Spit Poison


You were on level 3 of the Dungeon.
You were hungry.

You visited 1 branch of the dungeon, and saw 3 of its levels.

You collected 99 gold pieces.

Inventory:

Hand Weapons
 g - a +2 vorpal mace (weapon)
Missiles
 b - 14 arrows
 d - 113 stones (quivered)
 j - 3 curare-tipped darts
 k - 60 bolts
Armour
 a - a +0 robe (worn)
Jewellery
 i - a cursed ring of attention (left hand)
 n - a ring of ice (right hand)
Scrolls
 h - a scroll of magic mapping {unknown}
Potions
 e - a potion of curing {unknown}
 f - a potion of resistance {unknown}
 m - 2 potions of flight {unknown}
Comestibles
 c - 3 rations
 l - 3 chunks of flesh


   Skills:
 - Level 1.5 Dodging
 - Level 3.0 Stealth
 + Level 3.0 Spellcasting
 * Level 5.4 Ice Magic


You had 2 spell levels left.
You knew the following spells:

 Your Spells              Type           Power        Failure   Level  Hunger
a - Freeze                Ice            ####         1%          1    None
b - Frozen Ramparts       Ice            ####..       5%          3    ###....
c - Ozocubu's Armour      Chrm/Ice       ###.....     17%         3    ###....

Your spell library contained the following spells:

 Spells                   Type           Power        Failure   Level  Hunger
 Hailstorm                Conj/Ice       ###.....     50%         4    ####...
 Summon Ice Beast         Ice/Summ       ###.....     50%         4    ####...


Dungeon Overview and Level Annotations

Branches:
Dungeon (3/15)

Altars:
Ashenzari
Kikubaaqudgha
Wu Jian
The Shining One


Innate Abilities, Weirdness & Mutations

You cannot wear boots.
Your serpentine skin is tough. (AC +1)
You have supernaturally acute eyesight. (SInv)
Armour fits poorly on your strangely shaped body.
Your system is resistant to poisons. (rPois)
You cover ground very slowly.
You have a slow metabolism.
You can spit poison.


Message History

The goblin unwields a +0 hunting sling.
The goblin hits you. The orc hits you with a +0 flail!
* * * LOW HITPOINT WARNING * * *
Some of the chunks of flesh in your inventory have rotted away.
The goblin wields a +0 hunting sling.
The goblin shoots a stone.
The stone closely misses you.
You see here a stone.
Okay, then.
Unknown command.
Unknown command.
Casting: Freeze (safe; 1% risk of failure)
Confirm with . or Enter, or press ? or * to list all spells.
You feel a surge of power!
The walls around you are covered in icicles.
You are feeling hungry.
The walls release a blast of icicles at the goblin!
You kill the goblin!
The walls release a blast of icicles at the orc!
The orc hits you with a +0 flail!
You die...

#.###.# #.....#
#####.....#####..#
.................#
##......####....
##...#.###########..
####.##...((.......#
##.....#...(..(####.#
###...#......)..@####
.)...............o..#
###.>...#........#)<# #
##.#..##.......##...#
####.#..##.........##...#
...........##.##.... ..#
##.......## #.##...## ..
# ##..... #.###### # #
....


You could see an orc.

Vanquished Creatures
  An orc wizard (D:3)
  An adder (D:2)
  A worm (D:2)
  4 dart slugs (D:1)
  A leopard gecko (D:1)
  2 orcs (D:3)
  5 bats
  2 giant cockroaches
  4 hobgoblins
  2 jackals (D:3)
  6 kobolds
  A quokka (D:2)
  3 ball pythons
  14 frilled lizards
  6 goblins
  4 rats
57 creatures vanquished.

Notes
Turn   | Place    | Note
-------+----------+-------------------------------------------
     0 | D:1      | MisterFreud the Naga Ice Elementalist began the quest for
                  | the Orb.
     0 | D:1      | Reached XP level 1. HP: 15/15 MP: 3/3
   277 | D:1      | Reached XP level 2. HP: 11/22 MP: 3/5
   754 | D:1      | Reached XP level 3. HP: 28/28 MP: 6/6
  1434 | D:1      | Learned a level 3 spell: Frozen Ramparts
  1438 | D:1      | Learned a level 3 spell: Ozocubu's Armour
  1461 | D:2      | Reached skill level 5 in Ice Magic
  1498 | D:2      | Reached XP level 4. HP: 36/36 MP: 3/8
  1544 | D:2      | Found a glowing golden altar of the Shining One.
  1554 | D:2      | Found a shattered altar of Ashenzari.
  1557 | D:2      | Found an ornate altar of the Wu Jian Council.
  1560 | D:2      | Found an ancient bone altar of Kikubaaqudgha.
  2066 | D:3      | Slain by an orc

Levels and vault maps discovered:
D:1:      evilmike_arrival_rings, layout_basic, minmay_lizard_king
D:2:      layout_rooms, grunt_temple_overflow_cloverleaf
D:3:      layout_loops_ring, overflow_temple_1_default, old_standard_altar,
          minmay_increasing_density

Skill      XL: |  1  2  3  4 |
---------------+-------------+-----
Ice Magic      | 5 |  5.4
Spellcasting   | 3 |  3.0
Dodging        | |  1.5
Stealth        | |  3.0

Action                   |  1- 3 |  4- 6 || total
-------------------------+-------+-------++-------
Melee: Unarmed           |     6 |       ||     6
       Mace              |    19 |     4 ||    23
 Cast: Freeze            |    22 |    21 ||    43
       Frozen Ramparts   |       |     1 ||     1
 Abil: Spit Poison       |    35 |    10 ||    45
  Use: Scroll            |       |     1 ||     1
  Eat: Chunk             |     3 |     2 ||     5
Armor: Robe              |    15 |     4 ||    19
Dodge: Dodged            |    39 |    11 ||    50

Table legend:
 A = Non-vault XP
 B = Vault XP
 C = Vault XP percentage of total XP
 D = Non-vault monster count
 E = Vault monster count
 F = Vault count percentage of total count
                 A         B        C        D         E       F
            +---------+---------+-------+---------+---------+-------
      Total |     140 |      13 |   8.5 |      46 |      11 |  19.3
            +---------+---------+-------+---------+---------+-------
        D:1 |      45 |      13 |  22.4 |      25 |      11 |  30.6
        D:2 |      40 |       0 |   0.0 |      15 |       0 |   0.0
        D:3 |      55 |       0 |   0.0 |       6 |       0 |   0.0
            +---------+---------+-------+---------+---------+-------
